[Event "*** Titled Tuesday Blitz"]
[Site "Chess.com"]
[Date "2020.04.28"]
[Round "3"]
[White "zivicd"]
[Black "SamuelGhimpu2003"]
[Result "1/2-1/2"]
[WhiteElo "2229"]
[BlackElo "2690"]
[TimeControl "180+1"]
[EndTime "10:29:33 PDT"]
[Termination "Game drawn by agreement"]

1. e4 d6 2. d4 Nf6 3. Nc3 g6 4.
f4 Bg7 5. Nf3 O-O 6. Bd3 Nc6 7.
e5 dxe5 8. dxe5 Nd5 9. Nxd5 Qxd5 10. Qe2 Bg4 11. Be4 Qa5+ 12. c3 Nd4 13. Qf2 Bxf3 14. Bxf3 Nxf3+ 15. Qxf3 Qb6 16. Qe2 f6 17. Be3 Qe6 18.
Bd4 fxe5 19. fxe5 b6 20. c4 c5 21. Bc3 Rf5 22. Rf1 Bxe5 23. Rxf5 Bxc3+ 24. bxc3 Qxe2+ 25. Kxe2 gxf5 26. Rd1 Kf7 27. Rd7 Ke6 28. Rb7 Rg8 29. g3 Rg4 30. Kd3 h5 31. Rxa7 h4 32. Ra6 hxg3 33.
Rxb6+ Ke5 34. hxg3 Rxg3+ 35. Kd2 Rg2+ 36. Kd3 Rg3+ 37.
Kd2 f4 38. Rc6 Ke4 39. Re6+ Kf3 40. Rxe7 Rg2+ 41. Kd3 Rxa2 42. Re5 Ra5 43. Rg5 Kf2 44. Ke4 1/2-1/2

[Event "*** Titled Tuesday Blitz"]
[Site "Chess.com"]
[Date "2020.04.28"]
[Round "3"]
[White "chessuriel"]
[Black "Unknown_IM"]
[Result "0-1"]
[WhiteElo "2215"]
[BlackElo "2509"]
[TimeControl "180+1"]
[EndTime "10:29:33 PDT"]
[Termination "Unknown_IM won by checkmate"]

1. e4 e5 2. Nf3 Nc6 3. Bc4 Bc5 4. d3 Nf6 5. c3 d6 6. Bb3 a6 7. Nbd2 h6 8. Nf1 Ba7 9. Ng3 Be6 10. Bc2 Qd7 11. a4 Ne7 12. O-O O-O 13. d4 Ng6 14.
Nf5 Nh7 15. d5 Bxf5 16. exf5 Ne7 17. Qd3 Nf6 18. Nh4 Nexd5 19. Qg3 Kh7 20. Qh3 Nf4 21. Bxf4 exf4 22. Qf3 Rfe8 23. Qxf4 Re2 24. Bd3 Rxb2 25. Rae1 Re8 26. g4 Qc6 27. Rxe8 Qxe8 28. g5 hxg5 29. Qxg5 Qe5 30. Nf3 Qxc3 31. Qh4+ Kg8 32. Be4 Rb4 33. Ng5 d5 34. Nxf7 Kxf7 35. Bxd5+ Nxd5 36. Qg5 Nf6 37. Qg6+ Kf8 38. Re1 Rg4+ 39. Qxg4 Qxe1+ 40. Kg2 Nxg4 41. h3 Qxf2+ 42. Kh1 Qg1# 0-1

[Event "*** Titled Tuesday Blitz"]
[Site "Chess.com"]
[Date "2020.04.28"]
[Round "3"]
[White "dretch"]
[Black "Gurvich_Vitaly"]
[Result "0-1"]
[WhiteElo "2730"]
[BlackElo "2562"]
[TimeControl "180+1"]
[EndTime "10:29:34 PDT"]
[Termination "Gurvich_Vitaly won on time"]

1. d4 Nf6 2. c4 g6 3. Nc3 d5 4.
e3 Bg7 5. Qb3 e6 6. Qa3 Bf8 7. Qa4+ Nbd7 8. cxd5 exd5 9. Bd3 c6 10.
Nge2 Bg7 11. O-O O-O 12. f3 Re8 13. Qc2 c5 14. Qd1 b6 15. Bd2 Bb7 16. Rc1 a6 17. Bb1 Rc8 18. Nf4 cxd4 19. exd4 Rc4 20. Bd3 Rc8 21.
Be1 b5 22. Bc2 Bh6 23. Bd2 Qb6 24. Nce2 Bg7 25. Nd3 Nh5 26. Kh1 Bxd4 27. Nxd4 Qxd4 28. Bc3 Qh4 29. Kg1 d4 30. Bd2 Nb6 31. Bb1 Nc4 32. Be1 Qf6 33. Rf2 Ne3 34. Qd2 Rxc1 35. Nxc1 Nf4 36. Ne2 Nfxg2 37. Ng3 Nh4 38. Be4 Bxe4 39.
Nxe4 Qe5 0-1

[Event "*** Titled Tuesday Blitz"]
[Site "Chess.com"]
[Date "2020.04.28"]
[Round "3"]
[White "DrBergerBerger"]
[Black "swapchess90"]
[Result "1-0"]
[WhiteElo "2438"]
[BlackElo "2678"]
[TimeControl "180+1"]
[EndTime "10:29:34 PDT"]
[Termination "DrBergerBerger won by checkmate"]

1. e4 c6 2. Nc3 d5 3. Nf3 Nf6 4. e5 Ne4 5. Ne2 Qb6 6. d4 e6 7. Ng3 c5 8. c3 Nc6 9. Bd3 Nxg3 10.
hxg3 cxd4 11. cxd4 Bd7 12. Kf1 Nb4 13. Rxh7 Rxh7 14.
Bxh7 g6 15. a3 Bb5+ 16. Kg1 Nc6 17. Be3 O-O-O 18. Ng5 Rd7 19. Bg8 Nd8 20. Rc1+ Rc7 21. Nxf7 Be8 22. Nxd8 Rxc1 23. Qxc1+ Kxd8 24. Bg5+ Kd7 25. Qf4 Bg7 26. Bf6 Bf8 27. Bd8 Kxd8 28. Qxf8 Qxd4 29.
Qd6+ Bd7 30. Bxe6 Qd1+ 31. Kh2 Qh5+ 32. Bh3 Qh7 33. e6 Qe7 34. Qxe7+ Kxe7 35. exd7 d4 36. Bg4 d3 37. f4 d2 38. Kg1 b5 39. Kf2 d1=Q 40.
Bxd1 b4 41. Ke3 bxa3 42. bxa3 Kxd7 43. Ke4 g5 44. fxg5 Ke7 45. Kf5 a5 46. Bb3 a4 47.
Ba2 Kf8 48. g6 Ke7 49. g7 Kd6 50.
g8=Q Kc5 51. Qd5+ Kb6 52. g4 Ka7 53. g5 Kb6 54. g6 Kc7 55. g7 Kb6 56. g8=Q Kc7 57.
Qgf7+ Kb6 58. Qfb7# 1-0

[Event "*** Titled Tuesday Blitz"]
[Site "Chess.com"]
[Date "2020.04.28"]
[Round "3"]
[White "crazy_machine"]
[Black "albano87"]
[Result "1-0"]
[WhiteElo "2591"]
[BlackElo "2384"]
[TimeControl "180+1"]
[EndTime "10:29:34 PDT"]
[Termination "crazy_machine won by resignation"]

1. d4 Nf6 2. Nc3 d5 3. Bf4 Bf5 4. f3 e6 5. g4 Bg6 6. h4 h5 7. g5 Nfd7 8. e3 Bd6 9. Bxd6 cxd6 10. Bd3 Bxd3 11. Qxd3 g6 12. O-O-O Nc6 13. e4 dxe4 14. fxe4 Qa5 15. Nge2 O-O 16. Kb1 Nb4 17. Qf3 Nb6 18. a3 Nc4 19. axb4 Qxb4 20. b3 Rac8 21. d5 Qa3 22.
bxc4 Rxc4 23. Nc1 Rxc3 24. Rd3 Rfc8 25. Rf1 Qb4+ 26. Nb3 Rxd3 27. Qxd3 e5 28. Qf3 Rc7 29. Qf2 Qxe4 30. Qd2 Qxh4 31. Rf6 Rd7 32. Qc3 Rd8 33. Qc7 Rf8 34. Qxd6 Qxg5 35. Qe7 h4 36. d6 h3 37. d7 Qg1+ 38. Kb2 Qb6 39. Rxb6 axb6 40. d8=Q Rxd8 41. Qxd8+ 1-0

[Event "*** Titled Tuesday Blitz"]
[Site "Chess.com"]
[Date "2020.04.28"]
[Round "3"]
[White "Mischuk_D"]
[Black "Aureliano-Buendia"]
[Result "1-0"]
[WhiteElo "2664"]
[BlackElo "2415"]
[TimeControl "180+1"]
[EndTime "10:29:35 PDT"]
[Termination "Mischuk_D won by resignation"]

1. e4 e5 2. Nf3 Nc6 3. Nc3 Nf6 4. d4 exd4 5. Nxd4 Bb4 6. Nxc6 bxc6 7. Bd3 d5 8. Bd2 O-O 9. O-O Rb8 10. a3 Bc5 11.
exd5 cxd5 12. h3 h6 13. Qf3 c6 14. Bxh6 Bd6 15. Bc1 c5 16. b3 Bb7 17. Bg5 Be5 18. Qf5 Re8 19. Rae1 g6 20. Qxe5 Rxe5 21. Rxe5 Kg7 22.
Rfe1 Qa5 23. Bd2 Qc7 24. Re7 Qc6 25. Bb5 Qd6 26. Bf1 a6 27. R7e2 d4 28. Na4 Bc6 29.
Nb2 Bb5 30. Re5 Bxf1 31. Kxf1 Nd7 32. Nc4 Qc7 33. R5e4 Rh8 34. Bf4 Qc6 35. Re7 Rxh3 36. gxh3 Qh1+ 37. Ke2 Qe4+ 38. Rxe4 1-0

[Event "*** Titled Tuesday Blitz"]
[Site "Chess.com"]
[Date "2020.04.28"]
[Round "3"]
[White "willyam13"]
[Black "imdarealist"]
[Result "0-1"]
[WhiteElo "2502"]
[BlackElo "2280"]
[TimeControl "180+1"]
[EndTime "10:29:35 PDT"]
[Termination "imdarealist won by checkmate"]

1. e4 e5 2. Nf3 Nf6 3. Nxe5 d6 4. Nf3 Nxe4 5. Nc3 Nxc3 6. dxc3 Be6 7. Be3 Nc6 8. Qd2 Be7 9. O-O-O Qd7 10. Kb1 O-O-O 11.
h4 h6 12. Bb5 a6 13. Be2 Kb8 14. Nd4 Nxd4 15. Qxd4 c5 16. Qf4 Qc7 17. c4 Bf6 18. Qf3 Qb6 19. Bc1 Qb4 20. a3 Qb6 21. g4 Bd4 22. Rhe1 Ka8 23. Bf1 g6 24. Bg2 h5 25.
gxh5 Rxh5 26. Rd3 Bxc4 27. Re7 Rb8 28. Rd1 Rf5 29. Qg4 Be6 30. c3 Bxc3 31. Qa4 Bf6 32.
Rxb7 Rxb7 33. Qe8+ Ka7 34. Bxb7 Qxb7 35. Rxd6 Rxf2 36.
Qa4 Rxb2+ 37. Ka1 Rb1# 0-1

[Event "*** Titled Tuesday Blitz"]
[Site "Chess.com"]
[Date "2020.04.28"]
[Round "3"]
[White "HarryCun"]
[Black "SmirnovAlexandrA"]
[Result "0-1"]
[WhiteElo "2150"]
[BlackElo "2356"]
[TimeControl "180+1"]
[EndTime "10:29:35 PDT"]
[Termination "SmirnovAlexandrA won by resignation"]

1. Nf3 Nf6 2. g3 g6 3. Bg2 Bg7 4.
O-O O-O 5. d3 d6 6. Nbd2 c5 7.
e4 Nc6 8. Re1 h6 9. h3 e5 10. g4 Rb8 11. Nf1 b5 12. Ng3 Nh7 13. Nh2 b4 14. f4 exf4 15. Bxf4 g5 16. Bc1 Nd4 17. Nf5 Nxf5 18. exf5 Bd4+ 19. Kh1 Bb7 20. Rb1 Re8 21. Bd2 Qd7 22. Nf3 Bg7 23. c3 bxc3 24. Bxc3 Bxc3 25. bxc3 Nf6 26. Qd2 Rxe1+ 27. Rxe1 Kg7 28.
Nxg5 Bxg2+ 29. Kxg2 Qb7+ 30. Kg1 Qb2 31. Qe3 Re8 32. Qc1 Rxe1+ 33. Qxe1 hxg5 34. h4 Nxg4 35. Qg3 Qc1+ 36. Kg2 Qf4 37. hxg5 Qxg3+ 38. Kxg3 Ne5 39. d4 cxd4 40. cxd4 Nc6 41. Kf4 d5 42. Ke3 f6 43.
g6 Ne7 44. Kf4 a6 45. a3 a5 46. a4 Nc8 47. Ke3 Nb6 48. Kf4 Nxa4 49. Ke3 Nb6 50.
Kd3 Nc4 51. Kc3 Nd6 52. Kd3 Nxf5 53. Ke2 Kxg6 54. Kf3 Nxd4+ 55. Ke3 Ne6 0-1

[Event "*** Titled Tuesday Blitz"]
[Site "Chess.com"]
[Date "2020.04.28"]
[Round "3"]
[White "AvitalBor"]
[Black "talman67"]
[Result "0-1"]
[WhiteElo "2813"]
[BlackElo "2571"]
[TimeControl "180+1"]
[EndTime "10:29:36 PDT"]
[Termination "talman67 won by resignation"]

1. Nf3 Nf6 2. c4 b6 3. Nc3 Bb7 4. d3 g6 5. e4 d6 6. Be2 Bg7 7. O-O O-O 8. h3 c5 9. Nh2 Nc6 10. f4 a6 11. f5 Nd4 12. Be3 Nd7 13. Ng4 b5 14. Nd5 Bxd5 15. cxd5 Ne5 16. Rc1 Qa5 17. a3 Qa4 18. Qxa4 Nxe2+ 19. Kf2 Nxd3+ 20. Kxe2 Nxc1+ 21. Rxc1 bxa4 22. f6 exf6 23. Bd2 f5 24. exf5 Bxb2 25. Rc2 Bxa3 26. Bc3 Rfe8+ 27. Kf3 Bb4 28. Nf6+ Kf8 29. Nxh7+ Ke7 30. Ba1 Kd8 31. f6 Re1 32. Ra2 a3 33.
Ng5 Ra7 34. Kf2 Rd1 35. h4 Rxd5 36. g4 Rd2+ 37. Rxd2 Bxd2 38. Ne4 Bf4 39. h5 gxh5 40. gxh5 Kd7 41. Kf3 Be5 42. Nxc5+ dxc5 43. Bxe5 Ke6 44.
Ke4 Rb7 45. h6 Rb4+ 46. Kf3 Kxe5 47. Kg3 Rb8 48. h7 0-1

[Event "*** Titled Tuesday Blitz"]
[Site "Chess.com"]
[Date "2020.04.28"]
[Round "3"]
[White "zabivol_mc"]
[Black "Alexander_Moskalenko"]
[Result "0-1"]
[WhiteElo "2463"]
[BlackElo "2871"]
[TimeControl "180+1"]
[EndTime "10:29:36 PDT"]
[Termination "Alexander_Moskalenko won on time"]

1. Nf3 c5 2. g3 g6 3. Bg2 Bg7 4.
c4 Nc6 5. O-O Nh6 6. Nc3 Nf5 7.
e3 h5 8. h3 d6 9. b3 O-O 10.
Bb2 e5 11. Nd5 Nfe7 12. Ne1 Be6 13. a3 Qd7 14. Kh2 f5 15. Qc2 Rad8 16. f4 Bf7 17.
Nxe7+ Qxe7 18. Nf3 Bf6 19. Bc3 Rfe8 20. e4 fxe4 21. Qxe4 exf4 22. Qxf4 Bxc3 23. dxc3 Ne5 24. Ng5 Kg7 25. Rae1 Bg8 26. Bd5 Rf8 27. Qc1 Rxf1 28. Rxf1 Rf8 29. Bxg8 Rxf1 30. Qxf1 Qxg5 31. Bd5 Qd2+ 32.
Kh1 Qxc3 33. Bxb7 Qxg3 34. Bg2 Qxb3 35. Qc1 Qxc4 36. Qg5 Qf7 37. Qd8 Qd7 38. Qb8 c4 39. Kh2 c3 40. Be4 a6 41. Qb4 Qc7 42. Qd4 Qc5 0-1

[Event "*** Titled Tuesday Blitz"]
[Site "Chess.com"]
[Date "2020.04.28"]
[Round "3"]
[White "LikeWater"]
[Black "IMDT02"]
[Result "1-0"]
[WhiteElo "2765"]
[BlackElo "2444"]
[TimeControl "180+1"]
[EndTime "10:29:36 PDT"]
[Termination "LikeWater won by resignation"]

1. e4 c5 2. Nf3 Nc6 3. Nc3 Nf6 4. e5 Ng4 5. Qe2 g6 6. h3 Nh6 7. Ne4 Qb6 8. d4 Nxd4 9. Nxd4 cxd4 10. Nd6+ Kd8 11.
Bxh6 exd6 12. Bg5+ Be7 13. Bxe7+ Kxe7 14. exd6+ Kxd6 15.
O-O-O f6 16. Qc4 Qc6 17. Rxd4+ Kc7 18. Qd3 d5 19. Rxd5 Bf5 20. Qg3+ Kc8 21. Rxf5 gxf5 22.
Bd3 Qc7 23. Bxf5+ Kb8 24. Qf3 a6 25. Re1 Ka7 26. Qe3+ Kb8 27. Qd4 Rd8 28. Qxf6 Qf4+ 29. Kb1 Qd2 30. Qe5+ Ka7 31. Qe3+ Qxe3 32. fxe3 h5 33.
g4 h4 34. g5 Rf8 35. e4 Rae8 36. Rg1 Re7 37. g6 Rg7 38. Rg4 Kb6 39. b3 Kc5 40. c3 Kd6 41. Rxh4 Ke5 42. Rg4 Rh8 43. Rg3 Rh4 44.
Kc2 Kf4 45. Rd3 Rh8 46. c4 b5 47. Kc3 bxc4 48. bxc4 Re8 49. Rd5 Rb8 50. c5 Rc7 51. Kc4 Rb1 52. Kd4 Rc1 53. a3 a5 54. a4 Rc6 55. h4 Rc7 56. h5 Kg5 57. Ke5 R1xc5 58.
Rxc5 Rxc5+ 59. Kd6 1-0

[Event "*** Titled Tuesday Blitz"]
[Site "Chess.com"]
[Date "2020.04.28"]
[Round "3"]
[White "Coiote53"]
[Black "Slovak_fighter2000"]
[Result "0-1"]
[WhiteElo "2349"]
[BlackElo "2548"]
[TimeControl "180+1"]
[EndTime "10:29:36 PDT"]
[Termination "Slovak_fighter2000 won on time"]

1. e4 e6 2. d4 d5 3. Nc3 Nf6 4. Bg5 dxe4 5. Nxe4 Be7 6. Bxf6 gxf6 7. Nf3 f5 8. Ned2 c5 9. dxc5 Bxc5 10. Bb5+ Bd7 11. Qe2 Nc6 12. O-O-O Qf6 13. Kb1 O-O-O 14. Nb3 Bb6 15.
Rd2 Kb8 16. Rhd1 Qe7 17. Ne5 Nxe5 18. Qxe5+ Bc7 19. Qe2 Bxb5 20. Qxb5 a6 21. Qc4 Rxd2 22. Rxd2 Rd8 23. Rxd8+ Qxd8 24. a4 Bxh2 25. g3 f4 26.
Qxf4+ Qc7 27. Qf3 Qe5 28. Qxf7 h5 29. a5 Qe1+ 30. Ka2 Qe4 31. Qf8+ Kc7 32. Qc5+ Kd7 33.
Qxh5 Qg2 34. Qf7+ Kd6 35. Qf4+ Kd7 36. Qd4+ Ke7 37. Nc5 Bg1 0-1

[Event "*** Titled Tuesday Blitz"]
[Site "Chess.com"]
[Date "2020.04.28"]
[Round "3"]
[White "SiddharthGMJagadeesh"]
[Black "Olga_Zhuravleva"]
[Result "0-1"]
[WhiteElo "2490"]
[BlackElo "2238"]
[TimeControl "180+1"]
[EndTime "10:29:36 PDT"]
[Termination "Olga_Zhuravleva won by checkmate"]

1. e4 e5 2. Nf3 Nc6 3. Bb5 f5 4.
d3 Nf6 5. O-O Bc5 6. Bxc6 dxc6 7. Nxe5 O-O 8. Nc3 Bd4 9. Nc4 Bxc3 10. bxc3 fxe4 11. Bg5 Qd5 12. Bxf6 Rxf6 13. Ne3 Qe5 14. d4 Qg5 15. Qb1 b6 16. Qb3+ Be6 17. c4 Raf8 18. d5 Bh3 19. Kh1 Bd7 20. Nd1 c5 21. Qg3 Qxg3 22.
hxg3 e3 23. Nxe3 Rxf2 24. Kg1 Re2 25. Rxf8+ Kxf8 26. Rf1+ Ke7 27. Rf3 g6 28. Nf1 Rxc2 29. Re3+ Kd6 30. Re4 Bf5 31. Rf4 Rxa2 32. Ne3 Ra1+ 33.
Kh2 Ke5 34. Rh4 h5 35. g4 hxg4 36. Rh7 a5 37. Rxc7 Kf4 38. Nxf5 gxf5 39. d6 Rd1 40. d7 g3+ 41. Kh3 Rh1# 0-1

[Event "*** Titled Tuesday Blitz"]
[Site "Chess.com"]
[Date "2020.04.28"]
[Round "3"]
[White "kinga2008"]
[Black "DishonorOnYourCow"]
[Result "0-1"]
[WhiteElo "2105"]
[BlackElo "2324"]
[TimeControl "180+1"]
[EndTime "10:29:36 PDT"]
[Termination "DishonorOnYourCow won by resignation"]

1. e4 c5 2. Nf3 d6 3. c3 Nf6 4. Bd3 Nc6 5. Bc2 g6 6. d4 cxd4 7. cxd4 Bg7 8. a3 O-O 9. O-O a6 10. Bg5 Bg4 11. Be3 Rc8 12. Nc3 Na5 13. h3 Bd7 14. Bd3 Nc4 15. Bxc4 Rxc4 16. Qb3 b5 17. Nd2 Rc8 18. f4 Qb6 19. Kh1 Nh5 20. Nd5 Ng3+ 21. Kg1 Qd8 22. Rfe1 e6 23. Nb4 Qb6 24. Qd3 a5 25. Nc2 b4 26. d5 Qb5 27.
Qxb5 Bxb5 28. axb4 Rxc2 29. Rxa5 Bd3 30. Ra7 Rxb2 31.
Rd7 exd5 32. Rxd6 dxe4 33. Bc5 Ne2+ 34. Kf2 Rxd2 35. Ke3 Rb2 36. Rxd3 exd3 37. Bxf8 Bxf8 38. Kxd3 Nxf4+ 39. Kc3 Rxb4 40. Rf1 Nxg2 41. Re1 Rh4 42. Re8 Rxh3+ 43. Kc4 Kg7 44. Kd4 h5 45. Kd5 Rh4 46. Re2 Nf4+ 47. Ke4 0-1

[Event "*** Titled Tuesday Blitz"]
[Site "Chess.com"]
[Date "2020.04.28"]
[Round "3"]
[White "DDTerziev04"]
[Black "Anna_ChessMate"]
[Result "0-1"]
[WhiteElo "2312"]
[BlackElo "2538"]
[TimeControl "180+1"]
[EndTime "10:29:37 PDT"]
[Termination "Anna_ChessMate won by resignation"]

1. e4 c6 2. d4 d5 3. exd5 cxd5 4. Bd3 Nc6 5. c3 Nf6 6. Bf4 Bg4 7. Qb3 e5 8. dxe5 Nh5 9. Qxb7 Nxf4 10. Qxc6+ Bd7 11. Qa6 Qb8 12. Nd2 Qxb2 13. Rb1 Nxd3+ 14. Qxd3 Qxa2 15. Ngf3 Be7 16. O-O Qa5 17. Rb7 Rd8 18. Nb3 Qa4 19. Ra1 Qg4 20. h3 Qe4 21. Qd2 Bc8 22. Rc7 a6 23. Nbd4 h6 24. Nc6 Bd7 25. Nxd8 Bxd8 26.
Rb7 Bc6 27. Rb8 O-O 28. Rxa6 Bd7 29. Rd6 Qf5 30. Rb7 Be6 31. Rb8 Bc8 32. Qd4 Bc7 33. Rxc8 Rxc8 34. Rc6 f6 35. Qc5 Qb1+ 36. Kh2 Qb7 37.
g3 fxe5 38. Nxe5 Kh7 39. Nd7 Bxg3+ 40. fxg3 Qxc6 41. Qe7 Qxc3 42. Nf8+ Kg8 43. Qe6+ Kxf8 44. Qd6+ Kg8 0-1

[Event "*** Titled Tuesday Blitz"]
[Site "Chess.com"]
[Date "2020.04.28"]
[Round "3"]
[White "Leonid_Starozhilov"]
[Black "AsaHoffmann"]
[Result "1-0"]
[WhiteElo "2599"]
[BlackElo "2313"]
[TimeControl "180+1"]
[EndTime "10:29:37 PDT"]
[Termination "Leonid_Starozhilov won by resignation"]

1. e4 d6 2. d4 Nf6 3. Nc3 c6 4.
a4 Qa5 5. Bd2 Qb6 6. Nf3 Bg4 7.
a5 Qc7 8. Bc4 e6 9. h3 Bh5 10.
O-O d5 11. Bd3 Bb4 12. exd5 Bxc3 13. d6 Qxd6 14. Bxc3 Nbd7 15. Be2 Bxf3 16. Bxf3 O-O 17. Re1 Rfd8 18. Qe2 Nd5 19. Bd2 a6 20. c4 N5f6 21.
Bc3 Re8 22. b4 h6 23. Rad1 Qc7 24. g3 b6 25. axb6 Nxb6 26. Ra1 Nfd7 27. h4 Nf8 28. Ra5 Qb7 29. Be4 Nfd7 30. Bd3 Nf6 31. Qf3 Red8 32. d5 cxd5 33. Bxf6 gxf6 34. Qxf6 dxc4 35. Qxh6 Nd5 36. Bh7+ Kh8 37. Rxd5 Rxd5 38. Be4+ Kg8 39. Bg2 c3 40. Kh2 c2 41. Re5 Rad8 42. Rg5+ Rxg5 43.
Qxg5+ Kh7 44. Bxb7 c1=Q 45. Be4+ Kh8 46. Qxc1 1-0

[Event "*** Titled Tuesday Blitz"]
[Site "Chess.com"]
[Date "2020.04.28"]
[Round "3"]
[White "tacticthunder"]
[Black "Soltan49"]
[Result "1-0"]
[WhiteElo "2670"]
[BlackElo "2417"]
[TimeControl "180+1"]
[EndTime "10:29:38 PDT"]
[Termination "tacticthunder won on time"]

1. e4 c6 2. d4 d5 3. Nd2 dxe4 4.
Nxe4 Nf6 5. Nxf6+ gxf6 6. g3 h5 7. Nf3 Bg4 8. Be3 h4 9. h3 hxg3 10. fxg3 Qd6 11. Kf2 Bxf3 12. Qxf3 Nd7 13. Bg2 Bh6 14.
c3 O-O-O 15. Rae1 Bxe3+ 16. Rxe3 e6 17. b4 Qd5 18. Qe2 Qf5+ 19. Rf3 Qg5 20. a4 f5 21. b5 c5 22. Rf4 Nf6 23. dxc5 Rhg8 24. Qe3 Nh5 25. Rd4 Qxe3+ 26. Kxe3 Rxg3+ 27. Bf3 e5 28. Rxd8+ Kxd8 29. Kf2 e4 30. Bxh5 Rxc3 31. Bxf7 f4 32. Re1 Rf3+ 33. Kg2 Rg3+ 34. Kh2 e3 35. Bh5 Rg5 36. Bf3 Kc7 37. c6 bxc6 38. bxc6 Ra5 39. Rb1 Rxa4 40. Rb7+ Kd6 41. Rd7+ Ke6 42. Bg4+ Ke5 43.
c7 Ra2+ 44. Kg1 f3 45. Bxf3 Rc2 46. Bb7 Kf4 47. c8=Q 1-0

[Event "*** Titled Tuesday Blitz"]
[Site "Chess.com"]
[Date "2020.04.28"]
[Round "3"]
[White "kasparicy"]
[Black "asimali1977"]
[Result "0-1"]
[WhiteElo "2276"]
[BlackElo "2016"]
[TimeControl "180+1"]
[EndTime "10:29:38 PDT"]
[Termination "asimali1977 won on time"]

1. e4 g6 2. d4 Bg7 3. Nc3 c5 4. Be2 cxd4 5. Nb5 Nc6 6. Nf3 a6 7. Nbxd4 Qa5+ 8. Bd2 Qb6 9. Bc3 Nf6 10. Bd3 O-O 11. Nxc6 dxc6 12. O-O Bg4 13. h3 Bxf3 14. Qxf3 Rad8 15. Bc4 Qc5 16. Bb3 b5 17. Rad1 b4 18. Bd2 Qe5 19. Rfe1 Qb5 20. c3 a5 21. cxb4 axb4 22. Bg5 h6 23. Be3 c5 24. Rc1 Nd7 25.
e5 Nxe5 26. Qg3 c4 27. Bc2 Nd3 28. Bxd3 cxd3 29. Bd2 Bxb2 30. Rb1 Ba3 31. Rxe7 b3 32.
Rxb3 Qc5 33. Re3 Bc1 34. Rexd3 Bxd2 35. Rxd8 Qc1+ 36. Kh2 Bf4 37. Rxf8+ Kxf8 38. a3 Kg7 0-1

[Event "*** Titled Tuesday Blitz"]
[Site "Chess.com"]
[Date "2020.04.28"]
[Round "3"]
[White "leschebaza"]
[Black "Kimster98"]
[Result "0-1"]
[WhiteElo "1963"]
[BlackElo "2586"]
[TimeControl "180+1"]
[EndTime "10:29:39 PDT"]
[Termination "Kimster98 won by resignation"]

1. c4 e6 2. Nf3 b6 3. e4 Bb7 4. Nc3 Nf6 5. e5 Ne4 6. Bd3 d5 7. exd6 Nxd6 8. O-O c5 9. Bb1 Nc6 10. d4 cxd4 11. Nxd4 Nxc4 12. Nxc6 Qxd1 13. Rxd1 Bxc6 14.
b3 Nd6 15. Bf4 Rd8 16. Bc2 Be7 17. Ne2 O-O 18. Nd4 Bb7 19. Rac1 Ne4 20. Bb1 Bc5 21. Be3 Nf6 22. h3 h6 23. Nc2 Bxe3 24. Nxe3 Rxd1+ 25. Rxd1 Rc8 26. Nc4 Bd5 27. Nd6 Rc6 28. Nb5 a6 29.
Nd4 Rc8 30. f3 Kf8 31. Kf2 Ke7 32. b4 Rc4 33. a3 Rc3 34. Rd3 Rxd3 35. Bxd3 a5 36. bxa5 bxa5 37. Bb5 Kd6 38. Ke3 Kc5 39. Bd3 g6 40. f4 Bxg2 41. Nb3+ Kb6 42. h4 Nd5+ 43.
Kf2 Nxf4 44. Bc4 Bd5 45. Bxd5 Nxd5 46. Nd4 g5 47. h5 Nf4 0-1

[Event "*** Titled Tuesday Blitz"]
[Site "Chess.com"]
[Date "2020.04.28"]
[Round "3"]
[White "Kotofeyca"]
[Black "Paladin61"]
[Result "1-0"]
[WhiteElo "2416"]
[BlackElo "2579"]
[TimeControl "180+1"]
[EndTime "10:29:39 PDT"]
[Termination "Kotofeyca won on time"]

1. d4 Nf6 2. c4 g6 3. f3 Bg7 4.
e4 d6 5. Nc3 O-O 6. Be3 c5 7.
dxc5 dxc5 8. Qxd8 Rxd8 9. Bxc5 Nc6 10. Nd5 Nd7 11. Nxe7+ Nxe7 12. Bxe7 Bxb2 13. Bxd8 Bc3+ 14. Kd1 Bxa1 15. Ne2 Ne5 16. Nf4 Bd7 17. Bc7 Rc8 18.
Nd5 Kg7 19. Kc2 Be6 20. Be2 Bxd5 21. exd5 Rxc7 22. Rxa1 Nxc4 23. Bxc4 Rxc4+ 24. Kd3 Rc7 25. Re1 Kf8 26. Kd4 Re7 27. Re4 Ke8 28. g4 h6 29. h4 Kd7 30. Rf4 Ke8 31. Re4 Kd7 32. Rf4 Ke8 33. h5 gxh5 34. gxh5 Re2 35. Re4+ Rxe4+ 36.
fxe4 1-0

[Event "*** Titled Tuesday Blitz"]
[Site "Chess.com"]
[Date "2020.04.28"]
[Round "3"]
[White "JLRHei"]
[Black "gross-aleks"]
[Result "1-0"]
[WhiteElo "2298"]
[BlackElo "2509"]
[TimeControl "180+1"]
[EndTime "10:29:39 PDT"]
[Termination "JLRHei won by resignation"]

1. d4 Nf6 2. c4 e6 3. Nf3 b6 4. g3 Ba6 5. Bg2 Bxc4 6. Nc3 Bd5 7. Nxd5 exd5 8. O-O Be7 9. Bf4 O-O 10. Qc2 c6 11. a4 a5 12. Nh4 g6 13. Nf3 Na6 14. Ne5 Nb4 15. Qb3 Rc8 16. Rac1 d6 17. Nd3 Nxd3 18. Qxd3 Qd7 19. Qb3 Rb8 20. Rfd1 b5 21. Bd2 b4 22. Bf4 Rb6 23. h4 Re8 24. Rd2 Bf8 25.
Rdc2 Bg7 26. Bf3 Ne4 27. Be3 Nxg3 28. fxg3 h5 29. Kg2 f5 30. Bf4 Kh7 31. e3 Bf6 32. Qd3 Bg7 33. Qe2 Bxd4 34. Bxh5 Bg7 35. Bf3 b3 36.
Rd2 d4 37. Qf2 dxe3 38. Bxe3 c5 39. h5 Rb4 40. Bxc5 Rxa4 41. hxg6+ Kxg6 42. Rxd6+ Qxd6 43. Bxd6 Rb4 44. Bxb4 axb4 45. Rc6+ Kf7 46. Qa7+ Kf8 47. Rc7 Bf6 48. Rf7+ Kg8 49. Rxf6 Re4 50. Rg6+ Kf8 51.
Bxe4 1-0

[Event "*** Titled Tuesday Blitz"]
[Site "Chess.com"]
[Date "2020.04.28"]
[Round "3"]
[White "allvim"]
[Black "stanyga"]
[Result "0-1"]
[WhiteElo "2305"]
[BlackElo "2702"]
[TimeControl "180+1"]
[EndTime "10:29:40 PDT"]
[Termination "stanyga won on time"]

1. e4 c5 2. Nf3 e6 3. b3 Nc6 4. Bb2 Nf6 5. d3 d5 6. exd5 exd5 7. Be2 Be7 8. O-O d4 9. Nbd2 O-O 10. Re1 Nd5 11. Bf1 b6 12. g3 Bb7 13. Bg2 g6 14. Nc4 Bf6 15. Nce5 Rc8 16. Ng4 Bg7 17. Qd2 Qd6 18.
h4 h5 19. Ngh2 Rce8 20. Rxe8 Rxe8 21. Re1 Rxe1+ 22. Qxe1 Bf6 23. Nd2 Bg7 24. Qe8+ Bf8 25. Qe1 Ncb4 26. Nc4 Qe6 27. Qxe6 fxe6 28. Ne5 Kg7 29.
Nhf3 Nxc2 30. Ng5 Bc8 31. Bh3 Nc7 32. Nc4 b5 33. Ne5 Bd6 34. Nc6 a6 35. Nd8 Kf6 36. Bc1 Nb4 37. Ne4+ Ke7 38. Bg5+ Kd7 0-1

[Event "*** Titled Tuesday Blitz"]
[Site "Chess.com"]
[Date "2020.04.28"]
[Round "3"]
[White "Trankuilizer"]
[Black "Kezin_Roman"]
[Result "0-1"]
[WhiteElo "2483"]
[BlackElo "2692"]
[TimeControl "180+1"]
[EndTime "10:29:41 PDT"]
[Termination "Kezin_Roman won on time"]

1. e4 c5 2. c3 Qa5 3. Na3 e6 4.
Nc4 Qc7 5. d4 d5 6. exd5 exd5 7.
Ne3 Nf6 8. Nf3 cxd4 9. Nxd4 a6 10. g3 Bc5 11. Bg2 O-O 12. O-O Rd8 13. Nef5 Ne4 14.
Qg4 g6 15. Bf4 Qb6 16. Nh6+ Kg7 17. Ndf5+ Kf8 18. Bxe4 dxe4 19. b4 Be7 20. Rad1 Nc6 21. Bg5 Bxg5 22. Qxg5 Bxf5 23. Nxf5 gxf5 24. Qxf5 Rxd1 25.
Rxd1 Rd8 26. Re1 Ne7 27. Qxh7 Ng6 28. Rxe4 Rd1+ 29. Kg2 Qc6 30. Qh6+ Kg8 31. f3 Rd6 32.
Qe3 Rd8 33. h4 Qf6 34. h5 Nf8 35. g4 Ne6 36. Kg3 Qe7 37. Qb6 Rd6 38. Qe3 Rd5 39. Kg2 Qd6 0-1

[Event "*** Titled Tuesday Blitz"]
[Site "Chess.com"]
[Date "2020.04.28"]
[Round "3"]
[White "SARGISMV"]
[Black "kaumandur01"]
[Result "0-1"]
[WhiteElo "2446"]
[BlackElo "2783"]
[TimeControl "180+1"]
[EndTime "10:29:41 PDT"]
[Termination "kaumandur01 won on time"]

1. c4 Nf6 2. Nc3 g6 3. e4 d6 4. d4 Bg7 5. Be2 O-O 6. Nf3 e5 7. O-O Nc6 8. d5 Ne7 9. Ne1 Nd7 10. Nd3 f5 11. Bd2 Nf6 12. f3 f4 13. c5 g5 14.
cxd6 cxd6 15. Nf2 Ng6 16. Qc2 Rf7 17. Rfc1 Bf8 18. Nb5 h5 19. Nc7 Rb8 20. Ne6 Bxe6 21. dxe6 Rg7 22. h3 Nh4 23. Qb3 Be7 24. a4 Kh8 25. Bb4 g4 26. hxg4 hxg4 27. fxg4 Qb6 28. a5 Qe3 29. Qd3 Nxg4 30. Bxg4 Qxd3 31. Nxd3 Rxg4 32.
Rc2 f3 33. Nxe5 Rxe4 34. Bxd6 Bxd6 35. Nf7+ Kg8 36. Nxd6 Rxe6 37. Ra4 Nxg2 38. Rg4+ Kf8 39. Rf2 Ne1 40. Nf5 Rd8 41. Nh4 Rf6 42. Kh2 Re8 43. Kg3 Re3 44. Rb4 Nd3 0-1